 Seeded DCSS version 0.30.1-5-ged363bc7ee (webtiles) character file.

Game seed: 15660985446129201502 (custom seed)

5348 AccursedSamuel the Cruncher (level 10, -2/63 HPs)
             Began as a Tengu Monk on Sept 19, 2023.
             Engulfed by a steam dragon's steam (14 damage)
             ... on level 8 of the Dungeon.
             The game lasted 00:23:42 (8599 turns).

AccursedSamuel the Cruncher (Tengu Monk)            Turns: 8599, Time: 00:23:42

Health: -2/63      AC: 24    Str: 15    XL:     10   Next: 65%
Magic:  11/11      EV: 12    Int: 10    God:
Gold:   543        SH:  0    Dex: 21    Spells: 9/9 levels left

rFire   x . .        e - +3 lajatang of Inference {protect, Fly rElec rF- Dex+3}
rCold   + + .        (shield currently unavailable)
rNeg    . . .        x - +4 chain mail {rC+}
rPois   .            (helmet restricted)
rElec   +            (no cloak)
rCorr   .            (no gloves)
SInv    .            (boots unavailable)
Will    .....        (no amulet) Stlth
                     o - +4 ring of protection
HPRegen 0.30/turn    g - ring of protection from cold
MPRegen 0.12/turn

%: no passive effects
@: under a protective aura, flying quickly and evasively, quick
A: beak, talons 3, nimble flight
a: no special abilities


You were on level 8 of the Dungeon.
You visited 2 branches of the dungeon, and saw 9 of its levels.

You collected 543 gold pieces.

Inventory:

Hand Weapons
 e - the +3 lajatang of Inference (weapon) {protect, Fly rElec rF- Dex+3}
   (You acquired it on level 1 of the Dungeon)

   Dex:       It affects your dexterity (+3).
   rF:        It makes you vulnerable to fire.
   rElec:     It insulates you from electricity.
   Fly:       It grants you flight.
Armour
 d - an orb of light
 x - a +4 chain mail of cold resistance (worn)
Jewellery
 g - a ring of protection from cold (right hand)
 o - a +4 ring of protection (left hand)
Wands
 s - a wand of iceblast (8)
Scrolls
 a - 8 scrolls of teleportation
 m - 3 scrolls of identify
 q - a scroll of fog
 r - a scroll of blinking
Potions
 b - a potion of invisibility {unknown}
 c - 2 potions of ambrosia
 f - 4 potions of heal wounds
 k - 3 potions of attraction
 n - 2 potions of flight
 p - a potion of magic
 u - 2 potions of haste
 v - a potion of lignification


   Skills:
 + Level 7.4 Fighting
 + Level 4.0 Axes
 + Level 12.4 Staves
 + Level 4.8 Armour
 + Level 6.5 Dodging
 + Level 3.2 Stealth


You had 9 spell levels left.
You didn't know any spells.
Your spell library contained the following spells:

 Spells                   Type           Power      Damage    Failure   Level
 Cigotuvi's Dreadful Rot  Necr/Pois/Air  0%         N/A       100%        2
 Lesser Beckoning         Tloc           0%         N/A       100%        2
 Gell's Gravitas          Tloc           0%         N/A       100%        3
 Ignite Poison            Fire/Tmut/Pois 0%         N/A       100%        3
 Teleport Other           Tloc           0%         N/A       100%        3
 Dispel Undead            Necr           0%         3d6       100%        4
 Sticky Flame             Conj/Fire      0%         2d3       100%        4
 Death Channel            Necr           0%         N/A       100%        6
 Ignition                 Fire           0%         3d3       100%        8


Dungeon Overview and Level Annotations

Branches:
Dungeon (8/15)             Temple (1/1) D:7
   Lair: D:8-11

Altars:
Ashenzari
Cheibriados
Dithmenos
Elyvilon
Gozag
Hepliaklqana
Kikubaaqudgha
Makhleb
Nemelex Xobeh
Okawaru
Qazlal
Ru
Sif Muna
Trog
Uskayaw
Vehumet
Wu Jian
Xom
Yredelemnul
Zin

Annotations:
D:2 1 runed translucent door, Crazy Yiuf
D:6 3 runed translucent doors, Xrynn's ghost, novice MiFi


Innate Abilities, Weirdness & Mutations

You have a beak for a mouth.
You have claws for feet.
Your magical nature lets you fly swiftly and evasively.


Message History

You are engulfed in a cloud of scalding steam.
The steam dragon breathes steam at you. The ball of steam hits you!
The steam scalds you terribly!
You hit the steam dragon but do no damage.
Your weapon exudes an aura of protection.
You claw the steam dragon.
The steam dragon is lightly wounded.
The steam dragon barely misses you.
The steam dragon claws you but does no damage.
The steam dragon bites you.
The steam dragon claws you but does no damage.
The steam dragon breathes steam at you. The ball of steam hits you!
The steam scalds you terribly!
The steam dragon bites you but does no damage.
The steam dragon barely misses you.
You slash the steam dragon!
Your weapon exudes an aura of protection.
You claw the steam dragon.
The steam dragon is heavily wounded.
A steam dragon comes into view.
The steam dragon misses you.
The steam dragon claws you but does no damage.
You hit the steam dragon but do no damage.
Your kick misses the steam dragon. Your peck misses the steam dragon.
The steam dragon is heavily wounded.
The steam dragon breathes steam at you. The ball of steam hits you!!
The steam scalds you terribly!
* * * LOW HITPOINT WARNING * * *
The ball of steam misses the steam dragon.
The steam dragon closely misses you.
The steam dragon claws you but does no damage.
The steam dragon bites you but does no damage.
The steam dragon completely misses you.
There is an escape hatch in the floor here.
Found a pair of gloves.
The steam dragon breathes steam at you. The ball of steam hits you.
The steam scalds you terribly!
* * * LOW HITPOINT WARNING * * *
You are engulfed in a cloud of scalding steam.
You die...

## #.# ## ....#..
#. D#.#. # #. ....
.# #. #.#. .# #
#.####§#.##.##.#
###.>..§§#.......#
#......§###.§§§...
#.....§D§§§@§.#
#.......###.§.§#
#.......# .....#
#.......#.#[.###
#.......#.#...
#.......)....##
####.####.####
#...# .#
###...###.#


There were no monsters in sight!

Vanquished Creatures
  A hornet (D:8)
  Sigmund (D:4)
  4 wyverns (D:8)
  6 yaks
  3 steam dragons
  Menkaure (D:6)
  Edmund (D:5)
  2 water moccasins (D:8)
  An orc warrior (D:7)
  A black bear (D:8)
  5 sky beasts
  3 centaurs
  2 ogres
  A kobold brigand (D:8)
  A gnoll sergeant (D:7)
  3 scorpions
  5 wights
  A howler monkey (D:6)
  4 hounds
  3 quasits (D:5)
  4 orc priests
  A jelly (D:8)
  5 iguanas
  Jessica (D:2)
  2 sleepcaps
  Ijyb (D:4)
  5 orc wizards
  8 gnolls
  4 adders
  4 shadow imps
  2 white imps (D:5)
  7 ufetubi
  A worm (D:4)
  4 dart slugs
  21 orcs
  9 endoplasms
  2 giant cockroaches (D:2)
  8 goblins
  9 hobgoblins
  11 kobolds
  6 quokkas
  6 ball pythons
  3 bats
  7 frilled lizards
  8 rats
  A spectral kobold (D:2)
189 creatures vanquished.

Vanquished Creatures (others)
  A hound (D:7)
1 creature vanquished.

Grand Total: 190 creatures vanquished

Notes
Turn   | Place    | Note
-------+----------+-------------------------------------------
     0 | D:1      | AccursedSamuel the Tengu Monk began the quest for the Orb.
     0 | D:1      | Reached XP level 1. HP: 14/14 MP: 2/2
    85 | D:1      | Reached XP level 2. HP: 19/19 MP: 3/3
    92 | D:1      | Identified a scroll of acquirement
    92 | D:1      | Acquired the +3 lajatang of Inference {protect, Fly rElec
                  | rF- Dex+3}
   541 | D:1      | Reached XP level 3. HP: 23/23 MP: 4/4
   904 | D:2      | Reached skill level 1 in Staves
   923 | D:2      | Found a faded altar of an unknown god.
  1304 | D:2      | Reached skill level 2 in Staves
  1304 | D:2      | Reached XP level 4. HP: 28/28 MP: 5/5
  1331 | D:2      | Noticed Jessica
  1335 | D:2      | Killed Jessica
  1446 | D:2      | Found a runed translucent door.
  1447 | D:2      | Noticed Crazy Yiuf
  1779 | D:3      | Reached skill level 3 in Staves
  1779 | D:3      | Gained mutation: Your magical nature lets you fly swiftly
                  | and evasively. [Tengu growth]
  1779 | D:3      | Reached XP level 5. HP: 25/33 MP: 6/6
  1950 | D:3      | Found an ornate altar of the Wu Jian Council.
  2484 | D:4      | Reached skill level 4 in Staves
  2693 | D:4      | Reached XP level 6. HP: 38/38 MP: 7/7
  2810 | D:4      | Reached skill level 1 in Stealth
  2942 | D:4      | Noticed Ijyb
  2945 | D:4      | Noticed Sigmund
  2949 | D:4      | Killed Ijyb
  2956 | D:4      | Killed Sigmund
  2957 | D:4      | Reached skill level 5 in Staves
  2957 | D:4      | Reached XP level 7. HP: 41/43 MP: 8/8
  3197 | D:4      | Reached skill level 6 in Staves
  3639 | D:5      | Entered Level 5 of the Dungeon
  3783 | D:5      | Found a sacrificial altar of Ru.
  3800 | D:5      | Reached skill level 7 in Staves
  3879 | D:5      | Reached XP level 8. HP: 48/48 MP: 9/9
  3931 | D:5      | Found a white marble altar of Elyvilon.
  4222 | D:5      | Noticed Edmund
  4239 | D:5      | Killed Edmund
  5508 | D:6      | Reached skill level 8 in Staves
  5508 | D:6      | Reached skill level 5 in Dodging
  5548 | D:6      | Reached skill level 5 in Fighting
  5639 | D:6      | Noticed a yak
  5640 | D:6      | Noticed a yak
  5640 | D:6      | Noticed a yak
  5664 | D:6      | Reached skill level 1 in Armour
  5668 | D:6      | Killed a yak
  5677 | D:6      | Killed a yak
  5678 | D:6      | Reached skill level 9 in Staves
  5678 | D:6      | Reached XP level 9. HP: 54/54 MP: 10/10
  5721 | D:6      | Noticed Menkaure
  5738 | D:6      | Killed Menkaure
  6063 | D:6      | Found a hide-covered altar of Uskayaw.
  6304 | D:6      | Found a runed translucent gate.
  6304 | D:6      | Found a runed translucent gate.
  6306 | D:6      | Found a runed translucent gate.
  6312 | D:6      | Noticed Xrynn's ghost (novice MiFi)
  7008 | D:7      | Reached skill level 10 in Staves
  7215 | D:7      | Found a staircase to the Ecumenical Temple.
  7488 | Temple   | Entered the Ecumenical Temple
  7697 | D:8      | Reached skill level 11 in Staves
  7697 | D:8      | Reached XP level 10. HP: 61/61 MP: 11/11
  8233 | D:8      | Reached skill level 12 in Staves
  8251 | D:8      | Found an ancient bone altar of Kikubaaqudgha.
  8599 | D:8      | Engulfed by a steam dragon's steam

Illustrated notes

Levels and vault maps discovered:
D:1:      minmay_arrival_pointy, layout_loops_ring, minmay_gold_behind_fungi
D:2:      layout_basic, dreamdust_ecumenical_altar_drowned_temple,
          hangedman_decor_clover_reticule, fountainhead,
          uniq_crazy_yiuf_cottage, uniq_jessica
D:3:      layout_loops_ring, general_overflow_altar, serial_bayou_pond_d
D:4:      layout_basic, nicolae_eternal_life, uniq_ijyb, uniq_sigmund
D:5:      layout_layer_cave, mainiacjoe_overflow_small_starburst,
          elyvilon_altar_1, serial_demonic, serial_demonic_e, serial_demonic_b,
          serial_demonic_e, serial_demonic_a, serial_demonic_e,
          serial_demonic_e, serial_demonic_g, serial_demonic_a,
          serial_demonic_d, serial_demonic_g, uniq_edmund
D:6:      layout_basic, nicolae_uskayaw_suspiria, ebering_ghost_rock_garden,
          minivault_22, uniq_menkaure
D:7:      layout_cave_pools, minmay_temple_entry_junction_2, hex_tiny,
          nicolae_kite_square_tiling_tiny
D:8:      gammafunk_corrupted_shrine, layout_loops_cross, lemuel_crystal_altar,
          minmay_lair_entry_grove, hangedman_misty_isle
Temple:   nicolae_temple_superstar

Skill      XL: |  1  2  3  4  5  6  7  8  9 10 |
---------------+-------------------------------+-----
Axes           | 4 |  4.0
Staves         | 2 3 4 5 7 9 11 12 | 12.4
Stealth        | 1 2 3 |  3.2
Fighting       | 4 5 6 7 |  7.4
Dodging        | 4 5 6 |  6.5
Armour         | 1 3 4 |  4.8

Action                     |  1- 3 |  4- 6 |  7- 9 | 10-12 || total
---------------------------+-------+-------+-------+-------++-------
  Melee: Hand axe          |    10 |       |       |       ||    10
         Kick              |    17 |    18 |    70 |    22 ||   127
         Peck              |     7 |     8 |    44 |    15 ||    74
         Lajatang          |    68 |    75 |   228 |    98 ||   469
    Use: Scroll            |     1 |       |     8 |     3 ||    12
         Potion            |       |       |    11 |       ||    11
   Stab: Sleeping          |     1 |     2 |     3 |       ||     6
 Armour: Robe              |    15 |    23 |    44 |       ||    82
         Chain mail        |       |       |   111 |    67 ||   178
  Dodge: Dodged            |    58 |    65 |   214 |    66 ||   403
